 Dungeon Crawl Stone Soup version 0.31-a0-865-g3d5d91748a (webtiles) character file.

Game seed: 6662356405603811610

922 Getoffmy the Covered (level 7, -2/64 HPs)
             Began as an Armataur Fighter on Oct 11, 2023.
             Was a Believer of Uskayaw.
             Slain by a gnoll
             ... wielding a +0 club
             ... led by a gnoll bouda
              (5 damage)
             ... on level 6 of the Dungeon.
             The game lasted 00:10:27 (5328 turns).

Getoffmy the Covered (Armataur Fighter)             Turns: 5328, Time: 00:10:28

Health: -2/64      AC:  7    Str: 28    XL:     7   Next: 84%
Magic:  6/9        EV:  6    Int:  8    God:    Uskayaw [**....]
Gold:   351        SH: 13    Dex: 11    Spells: 6/6 levels left

rFire   . . .        a - +0 long sword
rCold   . . .        t - +0 kite shield
rNeg    . . .        w - +0 chain mail
rPois   .            r - +0 helmet
rElec   .            l - +0 cloak
rCorr   .            (no gloves)
SInv    +            (no barding)
Will    .....        B - amulet of reflection Stlth
                     e - +6 ring of strength
HPRegen 0.30/turn    q - ring of see invisible
MPRegen 0.11/turn

%: reflection, roll
@: corroded
A: large, rugged brown scales 3, deformed body, armoured tail, roll, long
tongue, awkward tongue
a: Renounce Religion, Stomp, Line Pass


You were on level 6 of the Dungeon.
You worshipped Uskayaw.
Uskayaw was noncommittal.
You visited 2 branches of the dungeon, and saw 7 of its levels.

You collected 351 gold pieces.

Inventory:

Hand Weapons
 a - a +0 long sword (weapon)
Missiles
 k - 39 stones
Armour
 l - a +0 cloak (worn)
 r - a +0 helmet (worn)
 t - a +0 kite shield (worn)
 w - a +0 chain mail (worn)
Jewellery
 e - a +6 ring of strength (left hand)
 q - a ring of see invisible (right hand)
 B - an amulet of reflection (around neck)
Wands
 y - a wand of polymorph (4)
Scrolls
 c - a scroll of brand weapon {unknown}
 i - 2 scrolls of teleportation
 j - a scroll of amnesia
 m - a scroll of identify
 x - a scroll of poison
 A - a scroll of blinking {unknown}
 C - a scroll of fear {unknown}
Potions
 d - a potion of might
 f - a potion of enlightenment
 g - 2 potions of mutation {unknown}
 h - a potion of lignification {unknown}
 n - 2 potions of curing
 o - 2 potions of ambrosia
 p - a potion of degeneration {unknown}
 s - a potion of invisibility {unknown}
 u - 3 potions of cancellation {unknown}
 v - 2 potions of attraction {unknown}
 z - a potion of heal wounds {unknown}


   Skills:
 + Level 4.5 Fighting
 * Level 5.4 Long Blades
 + Level 6.0 Armour
 - Level 3.4 Shields
 + Level 3.6 Invocations


You had 6 spell levels left.
You didn't know any spells.
Your spell library contained the following spells:

 Spells                   Type           Power      Damage    Failure   Level
 Sublimation of Blood     Necr           0%         N/A       99%         2
 Wereblood                Tmut           0%         N/A       99%         2
 Summon Hydra             Summ           0%         N/A       100%        7


Dungeon Overview and Level Annotations

Branches:
Dungeon (6/15)             Temple (1/1) D:4

Altars:
Ashenzari
Cheibriados
Dithmenos
Elyvilon
Gozag
Hepliaklqana
Makhleb
Okawaru
Qazlal
Ru
Sif Muna
Uskayaw
Vehumet
Wu Jian
Xom
Zin

Annotations:
D:5 3 runed translucent doors, Bosh's ghost, amateur HOFi


Innate Abilities, Weirdness & Mutations

You are completely covered in rugged brown scales. (AC +3, +7% HP)
Armour fits poorly on your strangely shaped body.
You have a long armoured tail.
You roll when moving toward enemies. (Rampage)
Your long tongue fully drains potion bottles. (2x potion effects)
Your tongue gives you trouble enunciating. (1.5x scroll delay)


Message History

You block the gnoll's attack. The gnoll hits you but does no damage.
You closely miss the gnoll.
The gnoll is lightly wounded.
The gnoll barely misses you. You block the gnoll's attack.
You hit the jelly.
Your hands burn!
The jelly is moderately wounded.
You block the gnoll's attack. You block the jelly's attack.
The gnoll hits you but does no damage.
You hit the jelly. The acid corrodes you!
Your hands burn!
The jelly is moderately wounded.
The gnoll hits you but does no damage. You block the jelly's attack.
The gnoll hits you with a +0 club.
You slash the jelly!
Your hands burn!
The jelly is severely wounded.
You block the gnoll's attack. You block the jelly's attack.
You block the gnoll's attack. x2
The gnoll hits you from afar with a +0 halberd!
The jelly hits you.
You are splashed with acid.
The gnoll closely misses you.
You can now pass through a line of other dancers.
You stomp with the beat, sending a shockwave through the revellers around you!
The gnoll is heavily wounded.
The jelly is almost dead.
You can no longer pass through a line of other dancers.
You block the gnoll's attack.
The gnoll hits you from afar with a +0 halberd!
You block the jelly's attack.
The gnoll hits you from afar with a +2 halberd of flaming.
* * * LOW HITPOINT WARNING * * *
The gnoll burns you.
* * * LOW HITPOINT WARNING * * *
You can now pass through a line of other dancers.
The jelly attacks as it pursues you! The jelly hits you.
* * * LOW HITPOINT WARNING * * *
You are splashed with acid!
* * * LOW HITPOINT WARNING * * *
The gnoll attacks as it pursues you! The gnoll hits you but does no damage.
There is a stone staircase leading up here.
Unknown command.
The gnoll hits you with a +0 club.
You die...

....##.........#....#.........
..........#........###........
..................###....#....
...#.........#.#..###....##...
##.......####...#..##......
###....g...#..###.........
####.g......###.......##
#.#Jg....#..........#
####@..#....#........
#...#>.#.#........
##..#.............
#..#........#.#..
##...##......>...
#..####....#.#.. ####
#.#....... #.........
##....##..


You could see a jelly and 3 gnolls.

Vanquished Creatures
  2 ogres (D:5)
  A bullfrog (D:6)
  2 scorpions
  4 hounds
  A jelly (D:5)
  Crazy Yiuf (D:2)
  3 iguanas
  Natasha (thrice) (D:2)
  2 orc wizards
  6 gnolls
  3 adders (D:5)
  An ufetubus (D:6)
  A dart slug (D:2)
  12 orcs
  2 bats (D:1)
  5 endoplasms
  3 giant cockroaches
  7 goblins
  6 hobgoblins
  8 jackals (D:2)
  5 kobolds
  3 quokkas
  8 ball pythons
  6 frilled lizards
  9 rats
104 creatures vanquished.

Notes
Turn   | Place    | Note
-------+----------+-------------------------------------------
     0 | D:1      | Getoffmy the Armataur Fighter began the quest for the Orb.
     0 | D:1      | Reached XP level 1. HP: 19/19 MP: 1/1
   176 | D:1      | Found a faded altar of an unknown god.
   235 | D:1      | Prayed at the altar of an unknown god.
   235 | D:1      | Became a worshipper of Uskayaw the Reveller
   235 | D:1      | Reached * piety under Uskayaw
   249 | D:1      | Reached ** piety under Uskayaw
   250 | D:1      | Reached XP level 2. HP: 26/26 MP: 2/2
   936 | D:2      | Reached skill level 4 in Armour
   938 | D:2      | Reached *** piety under Uskayaw
   940 | D:2      | Reached XP level 3. HP: 26/32 MP: 3/3
  1008 | D:2      | Noticed Natasha
  1016 | D:2      | Killed Natasha
  1017 | D:2      | Reached skill level 1 in Invocations
  1109 | D:2      | Found a runed translucent door.
  1110 | D:2      | Noticed Crazy Yiuf
  1242 | D:2      | Noticed Natasha
  1253 | D:2      | Killed Natasha
  1254 | D:2      | Reached XP level 4. HP: 26/40 MP: 4/4
  1673 | D:2      | Noticed Natasha
  1683 | D:2      | Killed Natasha
  1758 | D:2      | Killed Crazy Yiuf
  1759 | D:2      | Reached XP level 5. HP: 46/48 MP: 6/6
  2293 | D:3      | Found a faded altar of an unknown god.
  2296 | D:3      | Found a glowing silver altar of Zin.
  2777 | D:4      | Reached **** piety under Uskayaw
  2992 | D:4      | Reached XP level 6. HP: 51/54 MP: 7/7
  3062 | D:4      | Found an iron altar of Okawaru.
  3209 | D:4      | Found a staircase to the Ecumenical Temple.
  3346 | D:4      | Reached skill level 5 in Armour
  3400 | Temple   | Entered the Ecumenical Temple
  3437 | D:5      | Entered Level 5 of the Dungeon
  3491 | D:5      | Found a runed translucent gate.
  3491 | D:5      | Found a runed translucent gate.
  3491 | D:5      | Found a runed translucent gate.
  3493 | D:5      | Found an opulent altar of Gozag.
  3756 | D:5      | Reached XP level 7. HP: 31/63 MP: 9/9
  3920 | D:5      | Noticed Bosh's ghost (amateur HOFi)
  3921 | D:5      | Noticed a yak
  4146 | D:5      | Reached skill level 5 in Long Blades
  4975 | D:6      | Reached skill level 6 in Armour
  5327 | D:6      | HP: 3/64 [acid (9)]
  5328 | D:6      | Slain by a gnoll

Illustrated notes

Levels and vault maps discovered:
D:1:      matt_arrival_refuge, layout_basic, shapermc_ecumenical_altar_venn
D:2:      minmay_inner_zag, layout_rooms, minivault_26,
          wad_floor_pattern_untrapped, uniq_crazy_yiuf_cottage, uniq_natasha
D:3:      layout_basic, nicolae_overflow_ecumenical_swirl, serial_bayou_lagoon_b
D:4:      layout_rooms, mainiacjoe_overflow_catwalk, minmay_temple_entry_waves
D:5:      layout_loops_cross, ebering_ghost_gozag, serial_bayou,
          serial_bayou_shore_b, serial_bayou_ford_a, serial_bayou_pond_d,
          serial_bayou_lake_a, serial_bayou_crossing
D:6:      layout_cave_pools, nemelex_diamond_rough_becter, corexii_corridor_pit,
          hangedman_glass_teeth, st_stairs_14
Temple:   dpeg_chambers_temple

Skill      XL: |  1  2  3  4  5  6  7 |
---------------+----------------------+-----
Long Blades    | 2 3 4 5 |  5.4
Armour         | 4 5 6 |  6.0
Fighting       | 3 4 |  4.5
Invocations    | 1 2 3 |  3.6
Shields        | |  3.4

Action                     |  1- 3 |  4- 6 |  7- 9 || total
---------------------------+-------+-------+-------++-------
  Melee: Long sword        |    95 |   214 |    57 ||   366
         Tailslap          |    18 |    24 |    14 ||    56
 Invoke: Stomp             |       |       |     1 ||     1
    Use: Scroll            |       |     6 |     4 ||    10
   Stab: Paralysed         |     1 |     4 |       ||     5
 Armour: Scale mail        |    90 |   177 |     8 ||   275
         Chain mail        |       |       |    39 ||    39
  Dodge: Dodged            |    45 |    64 |    12 ||   121
  Block: Buckler           |    22 |    12 |       ||    34
         Kite shield       |       |    68 |    32 ||   100

Table legend: (Time is in decaauts)
 A = Elapsed time spent in this place.
 B = Non-inter-level travel time spent in this place.
 C = Inter-level travel time spent in this place.
 D = Time resting spent in this place.
 E = Time spent auto-exploring this place.
 F = Levels seen in this place.
 G = Mean time per level.
                   A        B        C        D        E       F      G
               +--------+--------+--------+--------+--------+-----+--------+
         Total |   5442 |   5152 |    290 |    653 |   3439 |   7 |  777.4 |
       Dungeon |   5440 |   5150 |    290 |    653 |   3439 |   6 |  906.7 |
        Temple |      1 |      1 |      0 |      0 |      0 |   1 |    1.0 |
               +--------+--------+--------+--------+--------+-----+--------+

Top non-repeatable levels by time:
     D:5: 1348 daAuts
     D:3: 949 daAuts
     D:1: 943 daAuts
     D:2: 923 daAuts
     D:4: 702 daAuts
     D:6: 572 daAuts
  Temple: 1 daAuts
